Map: Nightshade LE

Players

Cyanine - Winner!

  • Race: Terran Terran
  • League: Grandmaster
  • Spawn Location: 11:00

A.I. 1 (Very Easy)

  • Race: Terran Terran
  • Spawn Location: 5:00

VOD

https://www.youtube.com/watch?v=eEG8BLS-1yM

Description

INnoVation's TvT Mech build

Time

  • Played on: Feb. 16, 2020, 11:31 a.m.
  • Length: 18:53
Show
View Real Time Build Order
Export as new Build Order

Cyanine Terran - Winner!

Build Orders: Mech 

Get SALT Encoding   

  12  0:00  SCV  
  13  0:12  SCV  
  14  0:17  Supply Depot  
  14  0:25  SCV  
  14  0:27  Refinery  
  15  0:38  SCV  
  16  0:44  Barracks  
  16  0:50  SCV  
  16  0:54  Refinery  
  17  1:03  SCV  
  18  1:15  SCV  
  19  1:31  Orbital Command  
  19  1:32  Reaper  
  20  1:34  Factory  
  20  1:44  Supply Depot  
  20  1:58  SCV  
  21  2:04  Reaper  
  22  2:10  SCV  
  23  2:18  Hellion  
  25  2:25  Command Center  
  25  2:28  SCV  
  26  2:36  Reaper  
  27  2:40  Hellion, SCV  
  27  2:42  Supply Depot  
  30  2:52  Starport  
  30  2:53  SCV  
  31  3:02  Factory Tech Lab  
  31  3:05  SCV  
  31  3:08  Barracks Tech Lab  
  32  3:22  SCV  
  32  3:23  Cyclone  
  36  3:38  Orbital Command, SCV, Refinery  
  37  3:44  Raven  
  39  3:50  SCV  
  40  3:59  Cyclone  
  43  4:03  SCV  
  43  4:04  SCV  
  43  4:06  Refinery  
  45  4:15  SCV  
  45  4:16  SCV  
  47  4:19  Supply Depot  
  47  4:27  SCV, Raven  
  47  4:28  SCV  
  47  4:29  Command Center  
  51  4:36  Cyclone  
  54  4:41  SCV x2  
  56  4:46  Supply Depot  
  56  4:48  Mag-Field Accelerator  
  56  4:53  SCV x2  
  58  5:04  Supply Depot  
  58  5:05  SCV x2  
  58  5:06  Barracks Reactor  
  60  5:11  Siege Tank  
  63  5:17  SCV x2  
  63  5:20  Starport Reactor  
  65  5:25  Factory x2  
  65  5:29  SCV x2  
  65  5:34  Engineering Bay  
  67  5:41  SCV  
  67  5:42  SCV  
  69  5:43  Siege Tank  
  69  5:44  Orbital Command  
  72  5:54  SCV x2  
  74  5:57  Viking x2  
  78  6:06  SCV x2  
  80  6:13  Siege Tank  
  80  6:15  Siege Tank  
  80  6:16  Orbital Command  
  80  6:17  Supply Depot  
  86  6:19  Refinery x2, SCV x2  
  86  6:23  Hellion  
  86  6:24  Hellion, Infernal Pre-Igniter  
  92  6:31  SCV  
  93  6:38  SCV  
  94  6:40  Supply Depot  
  94  6:41  Supply Depot  
  94  6:42  SCV  
  94  6:43  SCV  
  94  6:46  Hellion  
  100  6:47  Hellion  
  100  6:48  Siege Tank  
  100  6:50  SCV  
  100  6:52  Viking  
  106  6:56  Viking  
  106  6:58  SCV  
  109  7:01  SCV  
  109  7:03  SCV  
  111  7:09  Hellion x2  
  111  7:10  SCV  
  111  7:14  Factory  
  116  7:16  Factory  
  116  7:17  SCV x2  
  116  7:20  Supply Depot  
  116  7:22  SCV  
  119  7:27  Armory x2  
  119  7:29  Viking  
  121  7:33  Viking  
  123  7:42  Siege Tank x2, Hellion, SCV  
  123  7:44  SCV  
  133  7:51  Supply Depot x2  
  133  7:56  Supply Depot  
  133  8:02  Supply Depot  
  133  8:03  Command Center  
  133  8:08  Supply Depot  
  133  8:10  Factory Tech Lab, Supply Depot, Factory Reactor  
  133  8:13  SCV  
  133  8:15  Terran Vehicle Weapons Level 1, Terran Vehicle And Ship Armor Level 1  
  134  8:20  Medivac  
  134  8:21  Medivac  
  134  8:25  Siege Tank x2, Hellion x2  
  148  8:29  SCV x2  
  148  8:30  SCV  
  151  8:36  Supply Depot  
  151  8:37  Supply Depot  
  152  8:41  SCV  
  152  8:53  SCV, Missile Turret x2  
  152  8:54  Missile Turret  
  152  8:55  SCV  
  155  8:56  SCV  
  155  9:02  Missile Turret  
  155  9:04  Missile Turret x3  
  155  9:09  Hellion x4, Siege Tank  
  166  9:11  Siege Tank  
  166  9:14  Missile Turret  
  169  9:26  Smart Servos  
  169  9:28  Missile Turret  
  169  9:31  Medivac x2  
  173  9:39  Hellion x2  
  173  9:40  Hellion x2  
  173  9:41  Siege Tank x2  
  173  9:44  Siege Tank  
  190  9:54  Refinery, Planetary Fortress  
  190  9:55  Refinery  
  190  10:05  Starport x2  
  190  10:06  Command Center  
  190  10:10  Command Center  
  190  10:15  Terran Vehicle Weapons Level 2, Terran Vehicle And Ship Armor Level 2  
  190  10:21  Sensor Tower  
  190  10:27  Sensor Tower  
  190  10:29  Sensor Tower  
  190  10:53  Command Center x2  
  190  10:57  Hellion x11, Starport Reactor  
  190  10:58  Starport Reactor  
  190  10:59  Fusion Core  
  190  11:01  Hi-Sec Auto Tracking  
  190  11:05  Viking x2  
  194  11:34  Viking x3  
  194  11:39  Orbital Command x2  
  200  11:47  Advanced Ballistics, Command Center  
  200  11:48  Command Center  
  200  12:02  Neosteel Armor  
  200  12:28  Planetary Fortress  
  200  12:32  Terran Ship Weapons Level 1  
  200  12:56  Missile Turret  
  200  12:57  Missile Turret x3  
  200  12:58  Refinery  
  200  13:02  Command Center  
  200  13:05  Refinery, Command Center  
  200  13:10  Orbital Command  
  200  13:11  Orbital Command  
  200  13:17  Starport  
  200  13:19  Starport x2  
  200  13:23  Starport  
  200  13:24  Missile Turret  
  200  13:25  Missile Turret  
  200  13:26  Planetary Fortress  
  200  13:29  Missile Turret  
  200  13:36  Sensor Tower  
  200  13:47  Terran Vehicle Weapons Level 3  
  200  13:49  Weapon Refit  
  200  13:57  Starport Tech Lab x2  
  200  13:58  Starport Tech Lab  
  200  13:59  Starport Tech Lab  
  200  14:20  Corvid Reactor  
  200  14:25  Command Center  
  200  14:37  Refinery x2  
  200  14:46  Sensor Tower  
  200  14:51  Command Center  
  200  14:53  Terran Ship Weapons Level 2  
  200  14:55  Command Center  
  200  15:25  Sensor Tower  
  200  15:33  Planetary Fortress  
  200  15:39  Planetary Fortress  
  200  16:15  Planetary Fortress  
  199  16:46  Factory x2  
  199  16:47  Factory  
  199  16:52  Planetary Fortress  
  199  16:56  Refinery x2  
  199  17:00  Refinery x2  
  199  18:04  Factory Tech Lab x2, Factory Reactor  
Show
View Real Time Build Order
Export as new Build Order

A.I. 1 (Very Easy) Terran 

Build Orders: Reaper Expand 

Get SALT Encoding   

  12  0:00  SCV  
  13  0:13  SCV  
  14  0:17  Supply Depot  
  14  0:42  Barracks  
  14  1:02  Command Center  
  14  1:30  Orbital Command, Supply Depot  
  14  1:31  Marine  
  15  1:35  Refinery  
  15  1:48  Refinery  
  15  1:55  SCV  
  16  2:07  SCV  
  17  2:14  SCV  
  17  2:15  Reaper  
  19  2:21  SCV  
  20  2:29  SCV  
  21  2:36  SCV  
  22  2:43  SCV  
  23  2:50  SCV  
  24  2:52  Refinery  
  24  2:57  SCV  
  25  3:01  Marine  
  25  3:04  SCV  
  27  3:11  SCV  
  28  3:18  Factory  
  28  3:19  SCV  
  28  3:39  Refinery  
  28  3:42  SCV  
  28  3:48  Marine  
  30  3:49  SCV  
  30  3:57  SCV  
  30  4:01  Supply Depot  
  31  4:04  SCV, Starport  
  31  4:07  Barracks Tech Lab  
  32  4:11  SCV  
  33  4:18  SCV  
  34  4:25  SCV  
  35  4:32  SCV  
  35  4:35  Marauder  
  38  4:39  SCV  
  38  4:43  Supply Depot, Starport Tech Lab  
  39  4:47  SCV  
  40  4:54  SCV  
  41  5:01  SCV  
  41  5:03  Raven  
  44  5:08  SCV  
  45  5:15  SCV  
  48  5:21  Marauder  
  48  5:22  SCV  
  49  5:29  SCV  
  50  5:46  Raven  
  52  6:07  Marine  
  53  6:53  Marine  
  53  8:27  SCV  
  54  10:40  Medivac, Factory Tech Lab  
  54  10:41  Supply Depot  
  56  11:02  Siege Tank  
  59  11:07  Supply Depot  
  59  11:10  Medivac  
  51  11:27  Marine  
  51  11:30  Command Center  
  52  11:40  Raven  
  54  11:53  Marine  
  55  12:18  Marine  
  56  12:43  SCV  
  56  12:45  Siege Tank  
  59  12:55  Refinery  
  59  12:56  Refinery  
  59  13:24  SCV  
  59  15:05  Marauder  
  61  15:27  Marauder  
  60  15:48  Marauder  
  59  16:01  Raven  
  48  16:09  Marine  
  49  16:13  SCV  
  49  16:27  Reaper  
  48  16:37  SCV  
  43  16:44  Raven  
  45  16:50  Hellion  
  47  16:57  SCV  
  47  17:01  Marine  
  48  17:11  SCV  
  40  17:17  Supply Depot  
  40  17:18  SCV  
  31  17:26  SCV  
  25  17:33  SCV  
  20  17:44  Supply Depot  
  20  17:45  SCV  
Tags
 
Composition
Mech
Matchup
TvT
Race
Terran
Spawn Locations
Cross Positions
Add a new tag
Caveats
  • Supply blocks, unpowered buildings, or Contaminate may cause inaccurate times.
  • Supply counts are checked every 10 seconds.